 Dungeon Crawl Stone Soup version 0.28.0-53-g5a82cb258f (webtiles) character file.

Game seed: 13943507054216260858

3954 DildoBatman the Magician (level 10, -2/65 (74) HPs)
             Began as a Formicid Conjurer on June 18, 2022.
             Slain by a two-headed ogre
             ... wielding a +0 giant club
              (20 damage)
             ... on level 9 of the Dungeon.
             The game lasted 00:35:43 (8850 turns).

DildoBatman the Magician (Formicid Conjurer)        Turns: 8850, Time: 00:35:43

HP:   -2/65 (74)    AC: 13    Str: 12    XL:     10   Next: 45%
MP:   19/20         EV: 11    Int: 18    God:
Gold: 639           SH:  0    Dex: 19    Spells: 14/23 levels left

rFire   . . .      SeeInvis +   b - +1 long sword
rCold   . . .      Faith    .   (no shield)
rNeg    . . .      Spirit   .   j - +2 ring mail of Tenacity {Will+ Dex+6}
rPois   .          Reflect  .   (helmet unavailable)
rElec   .          Harm     .   (no cloak)
rCorr   .          Rampage  .   l - +0 pair of gloves
Will    +++..                   (no boots)
Stlth   ++........              m - amulet of magic regeneration
HPRegen 0.20/turn               t - +4 ring of protection
MPRegen 0.57/turn               x - ring of willpower

@: heavily drained
A: permanent stasis, dig shafts and tunnels, antennae 3, four strong arms
a: Dig, Shaft Self


You were on level 9 of the Dungeon.
You visited 2 branches of the dungeon, and saw 10 of its levels.
You also visited: Ossuary.

You collected 639 gold pieces.

Inventory:

Hand Weapons
 a - a +3 dire flail of freezing
 b - a +1 long sword (weapon)
 c - a +0 hunting sling
 d - a +1 dagger of electrocution
 e - a +5 trident of freezing
Missiles
 f - 220 stones
 p - 31 sling bullets
 s - 5 boomerangs
 u - 63 bolts
 v - 16 poisoned darts
 J - 282 arrows
Armour
 j - the +2 ring mail of Tenacity (worn) {Will+ Dex+6}
   (You found it on level 2 of the Dungeon)

   Dex:       It affects your dexterity (+6).
   Will:      It increases your willpower.
 l - a +0 pair of gloves (worn)
Jewellery
 m - an amulet of magic regeneration (around neck)
 t - a +4 ring of protection (left hand)
 x - a ring of willpower (right hand)
 D - a ring of positive energy
 F - a ring of protection from cold
Wands
 w - a wand of flame (13)
Scrolls
 g - 2 scrolls of fog
 k - 2 scrolls of immolation
 z - 4 scrolls of identify
 E - a scroll of enchant armour
 G - 2 scrolls of enchant weapon
 I - a scroll of amnesia
Potions
 h - 2 potions of brilliance {unknown}
 i - a potion of lignification {unknown}
 n - 2 potions of flight {unknown}
 o - 4 potions of curing {unknown}
 q - a potion of attraction {unknown}
 r - 4 potions of heal wounds
 B - a potion of invisibility {unknown}
 C - a potion of degeneration {unknown}
 H - a potion of ambrosia {unknown}


   Skills:
 - Level 5.0 Fighting
 - Level 6.0 Armour
 - Level 1.7 Dodging
 - Level 2.4 Stealth
 - Level 7.0 Spellcasting
 - Level 6.0 Conjurations
 * Level 1.9 Transmutations
 * Level 1.7 Fire Magic
 - Level 6.0 Air Magic
 - Level 6.0 Poison Magic


You had 14 spell levels left.
You knew the following spells:

 Your Spells              Type           Power      Damage    Failure   Level
a - Searing Ray           Conj           54%        2d6       2%          2
c - Magic Dart            Conj           100%       1d8       1%          1
d - Ignite Poison         Fire/Tmut/Pois 17%        N/A       19%         3
e - Mephitic Cloud        Conj/Pois/Air  27%        N/A       5%          3

Your spell library contained the following spells:

 Spells                   Type           Power      Damage    Failure   Level
 Dazzling Flash           Conj/Hex       34%        N/A       19%         3
 Passwall                 Tmut/Erth      7%         N/A       22%         2
 Ensorcelled Hibernation  Hex/Ice        12%        N/A       32%         2
 Ozocubu's Armour         Ice            6%         N/A       54%         3
 Fulminant Prism          Conj/Hex       8%         3d7       54%         4
 Iskenderun's Mystic Bla  Conj/Tloc      17%        2d5       54%         4
 Freezing Cloud           Conj/Ice/Air   10%        6-21      75%         5
 Ozocubu's Refrigeration  Ice            3%         4d5       100%        7
 Swiftness                Air            Unusable   N/A       N/A         3

Dungeon Overview and Level Annotations

Branches:
Dungeon (9/15)             Temple (1/1) D:6            Lair (0/6) D:8
Ossuary (visited)
    Orc: D:9-12

Altars:
Ashenzari
Cheibriados
Dithmenos
Elyvilon
Fedhas
Gozag
Hepliaklqana
Makhleb
Okawaru
Qazlal
Ru
Sif Muna
Trog
Uskayaw
Wu Jian
Xom
Yredelemnul
The Shining One

Shops:
D:7 =

Annotations:
D:3 exclusions: troll and 1 more exclusion, Edmund
D:4 1 runed translucent door, exclusions: sensed monster (detected) and 2 more exclusions, Crazy Yiuf; Ijyb; Menkaure
D:6 2 runed translucent doors, exclusions: kobold, kobold brigand and sensed monster (detected), Eustachio; kalagan's ghost, novice DECj
D:7 exclusions: downstairs and 2 killer bees, Maggie
D:9 exclusions: 2 centaurs, orc, sensed monster (detected) and two-headed ogre


Innate Abilities, Weirdness & Mutations

You cannot be hasted, slowed, berserked, paralysed or teleported.
You can dig through walls and to a lower floor.
You have a pair of large antennae on your head. (SInv)
Your four strong arms can wield two-handed weapons with a shield.


Message History

The stinking cloud engulfs you but does no damage.
You hear a shout!
The two-headed ogre is engulfed in noxious fumes.
The two-headed ogre hits you with a +0 giant club!!
The two-headed ogre hits you with a +0 giant club!
The two-headed ogre is engulfed in noxious fumes.
The two-headed ogre hits you with a +0 giant club! x2
Casting: Mephitic Cloud (dangerous; 5% risk of failure)
Confirm with . or Enter, or press ? or * to list all spells.
Aiming: Mephitic Cloud (dangerous; 5% risk of failure)
Press: ? - help, Shift-Dir - straight line, f/p - two-headed ogre
Aim: a two-headed ogre, wielding two +0 giant clubs (chance to affect: 53%)
The ball explodes into a vile cloud!
The stinking cloud engulfs the two-headed ogre but does no damage.
The stinking cloud engulfs the orc warrior but does no damage.
You hear a shout! x2
The two-headed ogre is engulfed in noxious fumes.
The two-headed ogre appears confused.
The orc warrior is engulfed in noxious fumes.
The two-headed ogre is engulfed in noxious fumes.
The two-headed ogre appears confused.
The two-headed ogre hits you with a +0 giant club!
The two-headed ogre barely misses you.
The orc warrior is engulfed in noxious fumes.
The orc warrior appears confused.
You hit the two-headed ogre.
The two-headed ogre is lightly wounded.
The orc warrior is engulfed in noxious fumes.
The orc warrior appears confused.
The two-headed ogre is engulfed in noxious fumes.
The two-headed ogre appears confused.
You hit the two-headed ogre.
The two-headed ogre is lightly wounded.
The orc warrior is engulfed in noxious fumes.
The orc warrior appears confused.
An orc wizard comes into view. It is wielding a +0 dagger.
The two-headed ogre is engulfed in noxious fumes.
The two-headed ogre completely misses you.
The two-headed ogre hits you with a +0 giant club!!
You die...

#.# ..
#.#########...
#.............
#.............
#.#########... #.#
#... #.#########.<.
#######.............
#..@Oo○.............
##########o.#####..)
#..# #... #o.# #...
#..# #... #{.# #..#
#.{# #..# #..# #..#
#..# #..#


You could see a two-headed ogre (confused), an orc warrior (confused) and an orc
wizard.

Vanquished Creatures
  A necromancer (D:9)
  3 wyverns
  A water moccasin (D:7)
  A hornet zombie (D:7)
  3 necrophages
  A sky beast (D:8)
  3 black bears
  An ogre (D:5)
  5 centaurs
  A kobold brigand (D:8)
  A bullfrog (D:8)
  A gnoll sergeant (D:8)
  2 scorpions
  4 killer bees (D:9)
  9 wights
  3 hounds
  5 orc priests
  A bullfrog skeleton (D:4)
  An iguana (D:4)
  10 orc wizards
  A polar bear simulacrum (D:9)
  A hound skeleton (D:4)
  8 mummies (Ossuary)
  8 gnolls
  5 adders
  2 white imps
  2 ufetubi
  An adder skeleton (D:2)
  3 dart slugs
  31 orcs
  5 ball pythons
  7 endoplasms
  3 giant cockroaches
  A gnoll zombie (Ossuary)
  9 goblins
  9 hobgoblins
  6 jackals
  7 quokkas
  6 bats
  3 frilled lizards
  4 hobgoblin zombies (Ossuary)
  6 kobolds
  3 kobold zombies (Ossuary)
  5 rats
  A river rat simulacrum (D:9)
194 creatures vanquished.

Vanquished Creatures (others)
  A fungus (D:8)
1 creature vanquished.

Grand Total: 195 creatures vanquished

Notes
Turn   | Place    | Note
-------+----------+-------------------------------------------
     0 | D:1      | DildoBatman the Formicid Conjurer began the quest for the
                  | Orb.
     0 | D:1      | Reached XP level 1. HP: 13/13 MP: 3/3
    92 | D:1      | Reached XP level 2. HP: 19/19 MP: 3/5
   137 | D:1      | Learned a level 2 spell: Searing Ray
   245 | D:1      | Reached XP level 3. HP: 19/24 MP: 1/6
   339 | D:1      | Found a faded altar of an unknown god.
   856 | D:2      | Reached XP level 4. HP: 23/30 MP: 0/7
   873 | D:2      | Identified the +2 ring mail of Tenacity {Will+ Dex+6}
   984 | D:2      | Reached skill level 5 in Conjurations
  1334 | D:2      | Found a shimmering altar of Xom.
  1552 | D:3      | Noticed a kobold brigand
  1597 | D:3      | HP: 1/30 [poisoned by a kobold brigand]
  1701 | D:3      | Reached XP level 5. HP: 33/35 MP: 4/8
  2182 | D:3      | Found a basalt altar of Yredelemnul.
  2183 | D:3      | Found an opulent altar of Gozag.
  2185 | D:3      | Found a bloodstained altar of Trog.
  2185 | D:3      | Found a snail-covered altar of Cheibriados.
  2608 | D:4      | Reached XP level 6. HP: 38/38 MP: 5/9
  2624 | D:4      | Reached skill level 1 in Fighting
  2624 | D:4      | Reached skill level 1 in Armour
  2783 | D:4      | Found a runed translucent door.
  2784 | D:4      | Noticed Crazy Yiuf
  2870 | D:4      | Found a glowing golden altar of the Shining One.
  2927 | D:4      | Reached skill level 3 in Spellcasting
  2986 | D:4      | Noticed Edmund
  3088 | D:4      | Reached XP level 7. HP: 49/49 MP: 9/12
  3201 | D:4      | Noticed Menkaure
  3278 | D:4      | Found a hide-covered altar of Uskayaw.
  3510 | D:5      | Entered Level 5 of the Dungeon
  3518 | D:5      | Reached skill level 4 in Spellcasting
  3555 | D:5      | Reached skill level 5 in Spellcasting
  3608 | D:5      | Found an ornate altar of the Wu Jian Council.
  3631 | D:5      | Learned a level 3 spell: Mephitic Cloud
  3635 | D:5      | Learned a level 3 spell: Ignite Poison
  3642 | D:5      | Noticed a troll
  4077 | D:5      | Reached skill level 1 in Poison Magic
  4127 | D:5      | Reached skill level 1 in Air Magic
  4135 | D:5      | Reached XP level 8. HP: 56/56 MP: 6/16
  4359 | D:5      | Noticed Ijyb
  4749 | D:6      | Found a runed translucent door.
  4757 | D:6      | Noticed kalagan's ghost (novice DECj)
  4771 | D:6      | Noticed a two-headed ogre
  4888 | D:6      | Found a staircase to the Ecumenical Temple.
  4897 | Temple   | Entered the Ecumenical Temple
  5298 | D:6      | Found a runed translucent door.
  5400 | D:6      | Noticed Eustachio
  5569 | D:6      | Reached skill level 5 in Poison Magic
  5844 | D:7      | Found Qaymaib's Jewellery Boutique.
  5857 | D:7      | Reached XP level 9. HP: 61/61 MP: 10/17
  6157 | D:7      | Found a sacrificial altar of Ru.
  6157 | D:7      | Noticed Maggie
  6531 | D:7      | Reached skill level 5 in Air Magic
  6982 | D:8      | Noticed a tengu warrior
  7161 | D:8      | Found a staircase to the Lair.
  7161 | D:8      | Noticed an elephant
  7331 | D:8      | Reached skill level 6 in Spellcasting
  7433 | D:8      | Found a sand-covered staircase.
  7440 | Ossuary  | Entered an ossuary
  7842 | D:8      | Reached XP level 10. HP: 67/71 MP: 15/19
  8192 | D:9      | Noticed a two-headed ogre
  8351 | D:9      | Noticed a necromancer
  8369 | D:9      | Killed a necromancer
  8370 | D:9      | Reached skill level 5 in Fighting
  8370 | D:9      | Reached skill level 5 in Armour
  8370 | D:9      | Reached skill level 7 in Spellcasting
  8483 | D:9      | Reached skill level 1 in Transmutations
  8483 | D:9      | Reached skill level 1 in Fire Magic
  8791 | D:9      | Found a burning altar of Makhleb.
  8850 | D:9      | Slain by a two-headed ogre

Illustrated notes

Levels and vault maps discovered:
D:1:      dpeg_chamrin_arrival_tetris, layout_loops_ring,
          dreamdust_ecumenical_altar_angels_and_demons
D:2:      layout_loops_cross, basic_altar, minmay_misc_feat_cross,
          kennysheep_generic_room_15
D:3:      wander_river, layout_rooms, nicolae_overflow_hidden_temple
D:4:      cheibrodos_greedy_goblins, layout_cave_pools,
          eat_drink_and_be_merry_uskayaw, nicolae_tso_carved_into_rock,
          uniq_crazy_yiuf_cottage, uniq_menkaure, uniq_edmund
D:5:      layout_basic, nicolae_overflow_crystal_walls,
          minmay_misc_feat_encased, corexii_hall_statues_t, uniq_ijyb
D:6:      layout_loops_ring, nemelex_spade_bored_becter,
          minmay_temple_entry_arrows, ebering_ghost_sewer_f,
          serial_co_window_serial, co_window_corner_a, co_window_paths_b,
          co_window_of_opportunity_a, co_window_of_opportunity_a,
          co_window_corner_a, co_window_of_opportunity_b,
          co_window_of_opportunity_b, co_window_of_opportunity_b,
          glass_columns_c, glass_columns_b, glass_columns_b, uniq_eustachio
D:7:      layout_cave_pods, mainiacjoe_overflow_alcove_4, serial_shops,
          nicolae_inconvenience_store, uniq_maggie
D:8:      kennysheep_windowed_halls, layout_basic, david_lair_generic,
          chequers_ossuary_entry_cave
D:9:      layout_small_grid, lightli_temple_of_fire, minmay_misc_feat_pillars,
          eino_house_with_fridge
Temple:   compressed_dpeg_triangle_lava_temple

Skill      XL: |  1  2  3  4  5  6  7  8  9 10 |
---------------+-------------------------------+-----
Conjurations   | 4 5 6 |  6.0
Fighting       | 2 3 5 |  5.0
Armour         | 2 3 6 |  6.0
Spellcasting   | 3 5 6 7 |  7.0
Poison Magic   | 2 6 |  6.0
Air Magic      | 1 4 6 |  6.0
Transmutations | 1 |  1.9
Fire Magic     | 1 |  1.7
Dodging        | |  1.7
Stealth        | |  2.4

Action                   |  1- 3 |  4- 6 |  7- 9 | 10-12 || total
-------------------------+-------+-------+-------+-------++-------
Melee: Dagger            |    25 |    37 |       |       ||    62
       Punch             |     1 |     2 |       |       ||     3
       Hand axe          |       |    16 |    11 |       ||    27
       Dire flail        |       |       |     1 |       ||     1
       Long sword        |       |       |       |     2 ||     2
 Fire: Hunting sling     |       |    49 |    15 |       ||    64
 Cast: Magic Dart        |    29 |    52 |    88 |    15 ||   184
       Searing Ray       |     2 |    18 |    69 |    24 ||   113
       Mephitic Cloud    |       |       |    27 |    14 ||    41
 Abil: Dig               |       |     4 |     3 |     1 ||     8
  Use: Potion            |       |     1 |       |       ||     1
       Scroll            |       |       |     6 |     1 ||     7
 Stab: Sleeping          |     6 |       |       |       ||     6
       Confused          |       |       |     1 |       ||     1
Armor: Robe              |     6 |       |       |       ||     6
       Ring mail         |       |    36 |    84 |    16 ||   136
Dodge: Dodged            |    16 |    58 |   109 |    48 ||   231
